 Dungeon Crawl Stone Soup version 0.23.2-32-g37ab1d4649 (webtiles) character file.

Game seed: 5321363136805427209

1319 Mrkan the Cleaver (level 8, -5/71 HPs)
             Began as a Hill Orc Abyssal Knight on June 26, 2019.
             Was a Priest of Lugonu.
             Slain by an ogre
             ... wielding a +0 giant club
              (15 damage)
             ... on level 5 of the Dungeon.
             The game lasted 00:10:47 (4369 turns).

Mrkan the Cleaver (Hill Orc Abyssal Knight)         Turns: 4369, Time: 00:10:48

Health: -5/71      AC: 11    Str: 17    XL:     8   Next: 59%
Magic:  13/13      EV:  4    Int: 12    God:    Lugonu [***...]
Gold:   197        SH:  0    Dex: 10    Spells: 7/7 levels left

rFire    . . .     SeeInvis .   v - +1 battleaxe (chop)
rCold    . . .     Gourm    .   (shield currently unavailable)
rNeg     . . .     Faith    .   q - +0 plate armour
rPois    .         Spirit   .   (no helmet)
rElec    .         Reflect  .   (no cloak)
rCorr    .         Harm     .   h - +0 pair of gloves
MR       .....                  (no boots)
Stlth    ..........             (no amulet)
HPRegen  0.21/turn              (no ring)
MPRegen  0.13/turn              (no ring)

@: drained
A: no striking features
a: Depart the Abyss, Bend Space, Banish, Renounce Religion


You were on level 5 of the Dungeon.
You worshipped Lugonu.
Lugonu was most pleased with you.
You were not hungry.

You visited 1 branch of the dungeon, and saw 5 of its levels.
You visited the Abyss 1 time.

You collected 197 gold pieces.

Inventory:

Hand Weapons
 a - a +1 hand axe
 s - a +2 flail of protection
 v - a +1 battleaxe of chopping (weapon)
 w - a +4 hand axe
Armour
 h - a +0 pair of gloves (worn)
 j - a +0 large shield
 q - a +0 plate armour (worn)
Jewellery
 m - an uncursed ring of ice
 r - an uncursed ring of see invisible {unknown}
Scrolls
 d - 5 scrolls of identify
 g - 2 scrolls of teleportation
 k - 3 scrolls of magic mapping {unknown}
 l - 2 scrolls of amnesia {unknown}
 o - a scroll of enchant weapon {unknown}
 p - a scroll of fog {unknown}
 t - a scroll of remove curse
Potions
 b - a potion of lignification {unknown}
 e - a potion of heal wounds {unknown}
 i - a potion of agility {unknown}
 n - a potion of invisibility {unknown}
 u - a potion of curing
 x - 2 potions of degeneration {unknown}
Comestibles
 c - 10 rations
 f - 4 chunks of flesh


   Skills:
 + Level 6.6(5.6) Fighting
 * Level 9.0(8.0) Axes
 - Level 2.1(1.3) Armour
 - Level 0.7(0.0) Dodging
 - Level 3.0(2.2) Shields
 * Level 7.3(6.3) Invocations


You had 7 spell levels left.
You didn't know any spells.
Your spell library was empty.

Dungeon Overview and Level Annotations

Branches:
Dungeon (5/15)
 Temple: D:4-7

Altars:
Trog


Message History

You kill the worker ant!
Lugonu accepts your kill.
An ogre comes into view. It is wielding a +0 giant club.
An ogre is nearby!
You hit the ogre.
The ogre is lightly wounded.
The ogre hits you with a +0 giant club!!
* * * LOW HITPOINT WARNING * * *
You hit the ogre.
The ogre is lightly wounded.
The ogre hits you with a +0 giant club!
* * * LOW HITPOINT WARNING * * *
You slash the ogre!
The ogre is severely wounded.
The ogre hits you with a +0 giant club.
* * * LOW HITPOINT WARNING * * *
Your plate armour prevents you from hitting the ogre.
The ogre is severely wounded.
The ogre hits you with a +0 giant club!
You die...

# #####.†......# #
#...)........# #
#.###........#
###.# #........#
....###........#
#..............##
..#.............##
....###.......#..#
...............#@#
..####.........#O#
..# #.<.......#.#
#.. #.........#.#
.... .........#..#
....
#.......###...
.>....... #..#
......... #..# ..#


You could see an ogre.

Vanquished Creatures
  A phantom (D:4)
  2 centaurs
  3 elf zombies (D:4)
  4 elf skeletons (D:4)
  A howler monkey (D:4)
  3 wights (D:5)
  A crimson imp (D:5)
  3 orc priests (D:4)
  A human skeleton (D:4)
  A bullfrog skeleton (D:4)
  An iguana (D:5)
  An orc wizard (D:5)
  A worker ant (D:5)
  3 gnolls (D:4)
  5 adders
  A shadow imp (D:5)
  An ooze (D:1)
  3 worms
  4 dart slugs
  A leopard gecko (D:2)
  11 orcs
  5 giant cockroaches
  10 goblins
  8 hobgoblins
  5 jackals
  A quokka (D:4)
  6 bats
  8 frilled lizards
  5 kobolds
  A leopard gecko skeleton (D:5)
  An orc skeleton (D:4)
  2 orc zombies (D:4)
  14 rats
118 creatures vanquished.

Vanquished Creatures (others)
  A scorpion (D:3)
1 creature vanquished.

Grand Total: 119 creatures vanquished

Notes
Turn   | Place    | Note
-------+----------+-------------------------------------------
     0 | Abyss:1  | Mrkan the Hill Orc Abyssal Knight began the quest for the
                  | Orb.
     0 | Abyss:1  | Reached XP level 1. HP: 19/19 MP: 2/2
    35 | D:1      | Escaped the Abyss
   192 | D:1      | Reached skill level 3 in Axes
   202 | D:1      | Reached XP level 2. HP: 24/27 MP: 4/4
   465 | D:1      | Reached ** piety under Lugonu
   517 | D:1      | Reached XP level 3. HP: 26/33 MP: 5/5
   677 | D:2      | Reached skill level 4 in Axes
  1014 | D:2      | Reached XP level 4. HP: 28/40 MP: 6/6
  1765 | D:3      | Noticed a moth of wrath
  1768 | D:3      | Found a bloodstained altar of Trog.
  1779 | D:3      | Reached *** piety under Lugonu
  2135 | D:4      | Reached skill level 5 in Axes
  2135 | D:4      | Reached skill level 1 in Shields
  2135 | D:4      | Reached XP level 5. HP: 21/47 MP: 7/7
  2341 | D:4      | Reached XP level 6. HP: 22/55 MP: 7/9
  2394 | D:4      | Reached skill level 5 in Fighting
  2394 | D:4      | Reached skill level 6 in Axes
  2649 | D:4      | Reached XP level 7. HP: 8/61 MP: 10/10
  2954 | D:4      | Reached skill level 7 in Axes
  2954 | D:4      | Reached skill level 5 in Invocations
  3277 | D:4      | HP: 2/62 [orc priest/nerve-wracking pain (11)]
  3278 | D:4      | Reached XP level 8. HP: 2/70 MP: 12/12
  3624 | D:4      | Reached skill level 8 in Axes
  4181 | D:5      | Entered Level 5 of the Dungeon
  4342 | D:5      | Reached skill level 9 in Axes
  4369 | D:5      | Slain by an ogre

Skill      XL: |  1  2  3  4  5  6  7  8 |
---------------+-------------------------+-----
Axes           | 3 4 5 6 7 9 |  9.0
Fighting       | 4 5 6 |  6.6
Invocations    | 3 4 6 7 |  7.3
Shields        | 1 2 3 |  3.0
Armour         | |  2.1
Dodging        | |  0.7

Action                   |  1- 3 |  4- 6 |  7- 9 || total
-------------------------+-------+-------+-------++-------
Melee: Hand axe          |   106 |   216 |   252 ||   574
       Battleaxe         |       |       |    23 ||    23
Invok: Banish            |       |     1 |       ||     1
  Use: Scroll            |       |     3 |       ||     3
       Potion            |       |     3 |     1 ||     4
  Eat: Chunk             |       |     5 |     4 ||     9
       Ration            |       |     1 |       ||     1
Armor: Ring mail         |    47 |    14 |       ||    61
       Plate armour      |       |   141 |   171 ||   312
Dodge: Dodged            |    47 |    67 |    64 ||   178
Block: Large shield      |    14 |    10 |       ||    24
